 Dungeon Crawl Stone Soup version 0.18.1-5-g4a78601 (webtiles) character file.

9908 oplop the Transmogrifier (level 11, -2/75 HPs)
             Began as an Octopode Transmuter on May 9, 2016.
             Slain by a quokka (3 damage)
             ... on level 9 of the Dungeon.
             The game lasted 00:36:54 (15042 turns).

oplop the Transmogrifier (Octopode Transmuter)     Turns: 15042, Time: 00:36:55

Health: -2/75      AC:  1    Str:  9    XL:     11   Next: 53%
Magic:  3/18       EV: 16    Int: 19    God:
Gold:   286        SH:  0    Dex: 13    Spells: 7 memorised, 1 level left

rFire  . . .     SeeInvis .       - Unarmed
rCold  . . .     Gourm    .     (shield currently unavailable)
rNeg   . . .     Faith    .     (helmet restricted)
rPois  .         Spirit   .     (no amulet)
rElec  .         Dismiss  .     L - ring of protection from magic
rCorr  .         Reflect  .     (no ring)
SustAt .         Harm     .     (no ring)
MR     +....                    (no ring)
Stlth  ++........               (no ring)
                                (no ring)
                                (no ring)
                                (no ring)

@: blade tentacles, very slightly contaminated, somewhat resistant to hostile
enchantments, unstealthy
A: almost no armour, amphibious, 8 rings, constrict 8, camouflage 1, gelatinous
body 1
a: End Transformation


You were on level 9 of the Dungeon.
You were hungry.
You had blades for tentacles.
You visited 2 branches of the dungeon, and saw 13 of its levels.
You also visited: Ossuary.

You collected 506 gold pieces.
You spent 220 gold pieces at shops.

Inventory:

Hand Weapons
 f - a +5 dagger
Magical Staves
 m - an uncursed staff of energy {unknown}
 O - an uncursed staff of earth {unknown}
Rods
 p - a +1 iron rod (10/10)
   (You found it on level 5 of the Dungeon)
Jewellery
 z - an uncursed amulet of harm
 L - a ring of protection from magic (left scythe-like blade)
Wands
 s - a wand of slowing (20/48)
 C - a wand of disintegration (10/24)
 J - a wand of flame (24/48)
 K - a wand of iceblast (7/15)
Scrolls
 a - 2 scrolls of magic mapping
 e - 2 scrolls of fog
 h - a scroll of teleportation
 i - a scroll of amnesia
 q - 3 scrolls of remove curse
 x - 2 scrolls of identify
 A - a scroll of blinking
 B - 2 scrolls of enchant weapon
 E - 4 scrolls of immolation
 M - a scroll of enchant armour
Potions
 d - 6 potions of curing
 g - a potion of haste
 j - a potion of magic {unknown}
 k - 2 potions of heal wounds
 l - a potion of mutation {unknown}
 n - a potion of agility {unknown}
 o - a potion of cancellation {unknown}
 r - a potion of might {unknown}
 t - 2 potions of resistance
 u - a potion of invisibility
 w - a potion of ambrosia
 F - a potion of lignification
Books
 b - a book of Changes

   Spells                             Type                      Level
   a - Beastly Appendage              Transmutation                1
   b - Sticks to Snakes               Transmutation                2
   c - Spider Form                    Transmutation/Poison         3
   d - Ice Form                       Ice/Transmutation            4
   e - Blade Hands                    Transmutation                5
 v - an Akashic Record

   Spells                             Type                      Level
   a - Dispersal                      Translocation                6
   b - Malign Gateway                 Summoning/Translocation      7
   c - Disjunction                    Translocation                8
   d - Controlled Blink               Translocation                8
 G - a book of Minor Magic

   Spells                             Type                      Level
   a - Magic Dart                     Conjuration                  1
   b - Blink                          Translocation                2
   c - Call Imp                       Summoning                    2
   d - Repel Missiles                 Charms/Air                   2
   e - Slow                           Hexes                        2
   f - Conjure Flame                  Conjuration/Fire             3
   g - Mephitic Cloud                 Conjuration/Poison/Air       3
Comestibles
 c - 11 bread rations
 D - 4 meat rations
 H - 2 beef jerkies
 I - 2 slices of pizza
 N - 3 chunks of flesh


   Skills:
 + Level 7.4 Fighting
 + Level 7.7 Dodging
 + Level 7.8 Unarmed Combat
 - Level 5.1 Spellcasting
 + Level 9.5 Transmutations
 - Level 6.6 Ice Magic


You had one spell level left.
You knew the following spells:

 Your Spells              Type           Power        Failure   Level  Hunger
a - Beastly Appendage     Trmt           #####.       10%         1    None
b - Sticks to Snakes      Trmt           #####...     12%         2    #......
c - Spider Form           Trmt/Pois      ###.......   36%         3    ##.....
d - Ice Form              Ice/Trmt       #####...     36%         4    ####...
e - Blade Hands           Trmt           #####.....   45%         5    ######.
f - Blink                 Tloc           N/A          63%         2    #......
g - Repel Missiles        Chrm/Air       #.....       63%         2    #......


Dungeon Overview and Level Annotations

Branches:
Dungeon (12/15)            Temple (1/1) D:6             Orc (0/2) D:11
   Lair: D:8-11

Altars:
Ashenzari
Dithmenos
Elyvilon
Fedhas
Gozag
Kikubaaqudgha
Makhleb
Nemelex Xobeh
Okawaru
Pakellas
Qazlal
Ru
Sif Muna
Trog
Vehumet
Xom
Yredelemnul
Zin

Shops:
D:7 :

Annotations:
D:5 exclusion: door, Dowan, Duvessa


Innate Abilities, Weirdness & Mutations

You cannot wear most types of armour.
You are amphibious.
You can wear up to eight rings at the same time.
You can use your tentacles to constrict eight enemies at once.
Your skin changes colour to match your surroundings (Stealth).
Your rubbery body absorbs attacks (AC +1).


Message History

You slice the orc!!
You kill the orc!
A hungry ghost comes into view.
The troll bites you! The troll closely misses you. The troll claws you!
* * * LOW HITPOINT WARNING * * *
The quokka closely misses you.
You see here a dagger.
You are too injured to fight recklessly!
You are too injured to fight recklessly!
Unknown command.
Read which item? (? for menu, Esc to quit)
Okay, then.
Casting: Blade Hands
Confirm with . or Enter, or press ? or * to list all spells.
You miscast Blink.
You catch a glimpse of the back of your own head.
The troll bites you!
* * * LOW HITPOINT WARNING * * *
The troll misses you. The troll closely misses you. The quokka bites you.
You die...

#.#..#.#%#.....###
#.#.[#.o.........
#......#.#.....# ##
###..###.##....# #.
#............# ######.
.(.T.....#####W).###
#...... ..##.##### #)).#
#.##### # #rT(# ##.# ###
#.@)# #####..# # ..
#..[# #......# # # #
######..)####.###..#####
##.#
......(..).............#
.<.#
######))...........#.#..
# #.#
#(........#...#.#..
#..8.#
#...####........#..
.5...o #....#
##.#.##..... #.)...
#....# #.>......#..


You could see a troll, a hungry ghost, an orc wizard (wandering) and a quokka.

Vanquished Creatures
  A centaur warrior (D:9)
  An ugly thing (D:11)
  A centaur skeleton (D:11)
  2 gargoyles
  Grinder (D:5)
  Prince Ribbit (D:9)
  A wyvern (D:8)
  A shadow (D:11)
  A human (D:7)
  6 yaks (D:11)
  A hippogriff (D:11)
  Menkaure (D:6)
  A water moccasin (D:6)
  A soldier ant (D:11)
  2 ice beasts
  6 orc warriors
  A sky beast (D:8)
  4 black bears
  A phantom (D:5)
  An eye of draining (D:8)
  4 ogres
  3 centaurs
  3 big kobolds
  3 elf zombies
  5 giant frogs
  Blork the orc (D:6)
  An elf skeleton (D:5)
  3 scorpions
  5 killer bees (D:7)
  7 wights
  A howler monkey (D:5)
  3 crimson imps
  2 human zombies
  3 centaur zombies
  A giant frog zombie (D:5)
  7 giant frog skeletons
  6 orc priests
  3 hounds
  10 orc wizards
  Terence (D:2)
  An iguana (D:6)
  Natasha (twice) (D:2)
  2 human skeletons (D:5)
  5 worker ants
  A killer bee zombie (D:8)
  4 sheep (D:7)
  2 big kobold zombies (Ossuary)
  A hound skeleton (D:6)
  Robin (D:2)
  2 mummies (Ossuary)
  7 gnolls
  A howler monkey skeleton (D:9)
  6 adders
  A shadow imp (D:9)
  2 adder skeletons
  2 adder zombies (Ossuary)
  3 worms
  3 dart slugs
  2 giant geckos
  52 orcs
  6 giant cockroaches
  26 goblins
  7 hobgoblins
  3 jackals (D:11)
  3 quokkas
  A ball python (D:7)
  7 bats
  A giant gecko skeleton (D:4)
  8 giant newts
  A goblin zombie (Ossuary)
  9 hobgoblin zombies (Ossuary)
  27 kobolds
  11 kobold zombies (Ossuary)
  6 orc zombies (Ossuary)
  11 rats
  A rat zombie (Ossuary)
335 creatures vanquished.

Vanquished Creatures (collateral kills)
  A komodo dragon (D:11)
  Sigmund (D:6)
  2 yaks (D:11)
  An ogre (D:3)
  A wight (D:6)
  2 orc priests
  2 orc wizards
  2 orcs
  A goblin (D:3)
  A kobold (D:3)
14 creatures vanquished.

Vanquished Creatures (others)
  A hydra (D:3)
  A bush (D:10)
  4 plants (D:10)
6 creatures vanquished.

Grand Total: 355 creatures vanquished

Notes
Turn   | Place    | Note
--------------------------------------------------------------
     0 | D:1      | oplop the Octopode Transmuter began the quest for the Orb.
     0 | D:1      | Reached XP level 1. HP: 13/13 MP: 3/3
   200 | D:1      | Reached XP level 2. HP: 9/18 MP: 3/5
   839 | D:1      | Learned a level 2 spell: Sticks to Snakes
  1013 | D:1      | Reached XP level 3. HP: 22/23 MP: 3/6
  1316 | D:2      | Found a stormy altar of Qazlal.
  1384 | D:2      | Reached skill level 3 in Transmutations
  1800 | D:2      | You fall through a shaft for 2 floors!
  1809 | D:4      | Learned a level 3 spell: Spider Form
  1823 | D:3      | Found a glowing silver altar of Zin.
  1860 | D:3      | Reached XP level 4. HP: 29/29 MP: 5/7
  2010 | D:3      | Found an ancient bone altar of Kikubaaqudgha.
  2089 | D:3      | Found a white marble altar of Elyvilon.
  2154 | D:3      | Reached XP level 5. HP: 13/34 MP: 1/8
  2602 | D:3      | Found a blossoming altar of Fedhas.
  2609 | D:3      | Noticed an ogre
  2630 | D:3      | Killed an ogre
  2630 | D:3      | Reached skill level 4 in Transmutations
  2712 | D:3      | Found a faded altar to an unknown god.
  2725 | D:3      | Found an oddly glowing altar of Pakellas.
  2726 | D:3      | Noticed a five-headed hydra
  2733 | D:3      | Killed a five-headed hydra
  3093 | D:4      | Reached XP level 6. HP: 39/39 MP: 7/9
  3814 | D:5      | Entered Level 5 of the Dungeon
  3814 | D:5      | Noticed an ice beast
  3822 | D:4      | Learned a level 4 spell: Ice Form
  3997 | D:5      | Reached skill level 1 in Ice Magic
  4026 | D:5      | Reached XP level 7. HP: 33/45 MP: 9/11
  4046 | D:5      | Found a sand-covered staircase.
  4080 | Ossuary  | Entered an ossuary
  4470 | Ossuary  | Reached skill level 5 in Transmutations
  4810 | D:5      | Noticed Grinder
  4862 | D:5      | Found a bloodstained altar of Trog.
  4917 | D:5      | Reached XP level 8. HP: 32/52 MP: 11/13
  5581 | D:5      | Noticed Dowan
  5687 | D:5      | Reached skill level 6 in Transmutations
  5754 | D:5      | Noticed Duvessa
  5979 | D:6      | Noticed Menkaure
  5989 | D:6      | Killed Menkaure
  5989 | D:6      | Reached skill level 5 in Unarmed Combat
  6239 | D:6      | Noticed Blork the orc
  6250 | D:6      | Killed Blork the orc
  6330 | D:6      | Reached XP level 9. HP: 50/58 MP: 8/14
  6354 | D:6      | Noticed Sigmund
  6558 | D:6      | Killed Sigmund
  6831 | D:6      | Found a staircase to the Ecumenical Temple.
  6868 | D:6      | Reached skill level 5 in Ice Magic
  7159 | Temple   | Entered the Ecumenical Temple
  7461 | D:5      | Killed Grinder
  7461 | D:5      | Reached skill level 7 in Transmutations
  7915 | D:2      | Noticed Natasha
  7917 | D:2      | Noticed Robin
  7928 | D:2      | Killed Natasha
  7946 | D:2      | Killed Robin
  7977 | D:2      | Noticed Natasha
  7987 | D:2      | Killed Natasha
  8001 | D:2      | Noticed Terence
  8008 | D:2      | Killed Terence
  8008 | D:2      | Reached skill level 5 in Dodging
  8486 | D:7      | Reached skill level 5 in Fighting
  8844 | D:7      | Found Riryst's Book Shoppe.
  8868 | D:7      | HP: 2/61 [human/hand axe (9)]
  8869 | D:7      | Reached XP level 10. HP: 14/66 MP: 6/16
 10084 | D:7      | Reached skill level 8 in Transmutations
 10166 | D:7      | Reached skill level 5 in Spellcasting
 10567 | D:7      | Learned a level 5 spell: Blade Hands
 10642 | D:7      | Bought a book of Minor Magic for 220 gold pieces
 10645 | D:7      | Learned a level 2 spell: Blink
 10648 | D:7      | Learned a level 2 spell: Repel Missiles
 12268 | D:9      | Noticed a centaur warrior
 12279 | D:9      | Killed a centaur warrior
 12568 | D:9      | Reached XP level 11. HP: 73/74 MP: 9/18
 12691 | D:9      | Noticed Prince Ribbit
 12697 | D:9      | Killed Prince Ribbit
 12706 | D:9      | You fall through a shaft for 3 floors!
 12739 | D:11     | Reached skill level 9 in Transmutations
 12966 | D:11     | Got a slimy glaive
 12967 | D:11     | Identified the +9 glaive "Astypn" {chop, Str-4 Int+5} (You found it on level 11 of the Dungeon)
 13078 | D:11     | Noticed a purple ugly thing
 13139 | D:10     | Entered Level 10 of the Dungeon
 13508 | D:11     | Killed a purple ugly thing
 13588 | D:11     | Noticed a cyclops
 13606 | D:11     | Found a burning altar of Makhleb.
 14366 | D:11     | Found a staircase to the Orcish Mines.
 14668 | D:11     | Noticed a hill giant
 14685 | D:10     | Noticed a hill giant
 15042 | D:9      | HP: 1/75 [troll (17)]
 15042 | D:9      | Slain by a quokka

Skill      XL: |  1  2  3  4  5  6  7  8  9 10 11 |
---------------+----------------------------------+-----
Transmutations | 3 4 5 6 7 8 9 |  9.5
Fighting       | 2 3 4 5 6 7 |  7.4
Dodging        | 3 4 5 6 7 |  7.7
Unarmed Combat | 4 5 7 |  7.8
Ice Magic      | 1 2 4 6 |  6.6
Spellcasting   | 3 4 5 |  5.1

Action                   |  1- 3 |  4- 6 |  7- 9 | 10-12 || total
-------------------------+-------+-------+-------+-------++-------
Melee: Unarmed           |    18 |    35 |   287 |   376 ||   716
       Constrict         |    19 |    21 |    37 |    34 ||   111
       Kick              |    17 |    14 |    28 |     4 ||    63
       Tentacles         |    13 |    15 |    29 |    32 ||    89
       Punch             |     1 |     4 |     6 |    11 ||    22
       Dagger            |    54 |    89 |   113 |    39 ||   295
 Cast: Beastly Appendage |    28 |    17 |    13 |     5 ||    63
       Sticks to Snakes  |       |    11 |    11 |    36 ||    58
       Spider Form       |       |     6 |    17 |    17 ||    40
       Ice Form          |       |       |    14 |    11 ||    25
       Blade Hands       |       |       |       |    21 ||    21
       Blink             |       |       |       |     2 ||     2
 Abil: End Transformatio |       |       |       |     1 ||     1
Evoke: Rod               |       |       |     1 |       ||     1
  Use: Scroll            |       |     7 |     7 |     6 ||    20
       Potion            |       |     1 |     8 |       ||     9
 Stab: Sleeping          |     6 |     3 |     1 |       ||    10
       Distracted        |       |       |       |     4 ||     4
  Eat: Chunk             |     3 |     8 |     8 |    12 ||    31
       Fruit             |       |     1 |     2 |       ||     3
       Beef jerky        |       |       |     1 |     1 ||     2
       Meat ration       |       |       |     2 |     1 ||     3
       Pizza             |       |       |     1 |     5 ||     6
       Royal jelly       |       |       |       |     1 ||     1
Armor: Skin              |     8 |     5 |   132 |    28 ||   173
Dodge: Dodged            |    40 |    64 |   209 |   330 ||   643
